Map: Automaton LE

Players

Grimreaper - Winner!

  • Race: Protoss Protoss
  • Spawn Location: 9:00

VOD

Have the link to the VOD?

Description

Time

  • Played on: Jan. 19, 2019, 12:39 a.m.
  • Length: 14:23
Show
View Real Time Build Order
Export as new Build Order

Grimreaper Protoss - Winner!

Build Orders:  

Get SALT Encoding   

  12  0:05  Probe (Chrono Boost)  
  14  0:22  Probe (Chrono Boost)  
  14  0:27  Pylon  
  14  0:39  Probe (Chrono Boost)  
  15  0:50  Assimilator  
  15  0:56  Probe (Chrono Boost)  
  16  1:07  Forge  
  17  1:30  Probe (Chrono Boost)  
  17  1:47  Probe (Chrono Boost)  
  18  1:58  Photon Cannon  
  18  2:02  Photon Cannon  
  18  2:04  Probe (Chrono Boost)  
  20  2:21  Probe (Chrono Boost)  
  20  2:31  Gateway  
  20  2:41  Gateway  
  20  2:52  Photon Cannon  
  20  3:43  Cybernetics Core  
  20  3:52  Pylon  
  20  3:56  Pylon  
  19  4:02  Probe (Chrono Boost)  
  19  4:05  Assimilator  
  20  4:14  Probe (Chrono Boost)  
  21  4:25  Probe (Chrono Boost)  
  21  4:27  Forge  
  22  4:35  Pylon  
  22  4:45  Protoss Ground Weapons Level 1  
  22  4:48  Stalker  
  24  4:54  Stalker  
  26  5:09  Shield Battery  
  27  5:41  Probe (Chrono Boost)  
  27  5:54  Robotics Facility  
  27  6:09  Shield Battery  
  27  6:17  Warp Gate  
  27  6:23  Stalker  
  27  6:25  Stalker  
  31  7:02  Warp Prism  
  33  7:17  Gateway  
  33  7:20  Gateway  
  33  7:24  Protoss Shields Level 1  
  33  7:52  Observer  
  34  8:05  Zealot  
  34  8:06  Zealot  
  38  8:35  Probe (Chrono Boost)  
  39  8:46  Nexus  
  40  8:50  Pylon  
  40  8:51  Probe (Chrono Boost)  
  40  8:53  Assimilator  
  40  9:00  Assimilator  
  40  9:53  Nexus  
  40  9:55  Pylon  
  40  10:20  Stalker x2  
  40  10:21  Stalker x2  
  40  10:29  Photon Cannon  
  48  10:31  Photon Cannon  
  48  10:42  Photon Cannon  
  48  10:52  Probe (Chrono Boost)  
  49  11:03  Probe (Chrono Boost)  
  50  11:15  Probe (Chrono Boost)  
  51  11:24  Zealot  
  54  11:32  Probe x2 (Chrono Boost)  
  55  11:44  Probe (Chrono Boost)  
  55  11:49  Probe (Chrono Boost)  
  57  11:57  Probe (Chrono Boost)  
  58  12:05  Probe (Chrono Boost)  
  59  12:11  Probe (Chrono Boost)  
  59  12:17  Probe (Chrono Boost)  
  60  12:22  Probe (Chrono Boost)  
  60  12:26  Unknown  
  60  12:28  Probe (Chrono Boost)  
  62  12:34  Probe (Chrono Boost)  
  64  12:42  Probe (Chrono Boost)  
  66  12:51  Probe (Chrono Boost)  
  66  12:59  Probe (Chrono Boost)  
  67  13:08  Probe (Chrono Boost)  
  68  13:16  Probe (Chrono Boost)  
  69  13:22  Gateway  
  69  13:23  Gateway  
  69  13:25  Probe (Chrono Boost)  
  69  13:28  Unknown  
  70  13:31  Twilight Council  
  70  13:33  Probe (Chrono Boost)  
  71  13:42  Probe (Chrono Boost)  
  73  13:50  Probe (Chrono Boost)  
  73  13:59  Probe (Chrono Boost)  
  74  14:07  Probe (Chrono Boost)  
Tags
 
Matchup
Co-op
Replay Pack
Multiplayer
Add a new tag
Caveats
  • Supply blocks, unpowered buildings, or Contaminate may cause inaccurate times.
  • Supply counts are checked every 10 seconds.